 Dungeon Crawl Stone Soup version 0.27-a0-1144-g0b7d3b79db (webtiles) character file.

Game seed: 11584235490866760048

1 neco the Firebug (level 1, 0/11 HPs)
             Began as an Octopode Fire Elementalist on May 11, 2021.
             Slain by a bat (1 damage)
             ... on level 1 of the Dungeon.
             The game lasted 00:02:32 (144 turns).

neco the Firebug (Octopode Fire Elementalist)        Turns: 144, Time: 00:02:32

Health: 0/11       AC:  1    Str:  7    XL:     1   Next: 20%
Magic:  3/3        EV: 13    Int: 17    God:
Gold:   18         SH:  0    Dex: 12    Spells: 3/4 levels left

rFire    . . .     SeeInvis .   a - +0 short sword
rCold    . . .     Faith    .   (no shield)
rNeg     . . .     Spirit   .   (helmet restricted)
rPois    .         Reflect  .   (no amulet)
rElec    .         Harm     .   (no ring)
rCorr    .         Rampage  .   (no ring)
Will     .....                  (no ring)
Stlth    +++.......             (no ring)
HPRegen  0.03/turn              (no ring)
MPRegen  0.08/turn              (no ring)
                                (no ring)
                                (no ring)

@: no status effects
A: almost no armour, amphibious, 8 rings, camouflage 1, gelatinous body 1,
(nimble swimmer 1), tentacles
a: no special abilities


You were on level 1 of the Dungeon.
You visited 1 branch of the dungeon, and saw 1 of its levels.

You collected 18 gold pieces.

Inventory:

Hand Weapons
 a - a +0 short sword (weapon)


   Skills:
 + Level 2.0 Dodging
 + Level 2.6 Stealth
 + Level 2.0 Spellcasting
 + Level 1.0 Conjurations
 + Level 3.1 Fire Magic


You had 3 spell levels left.
You knew the following spells:

 Your Spells              Type           Power      Damage    Failure   Level
a - Foxfire               Conj/Fire      32%        2x1d5     9%          1

Your spell library contained the following spells:

 Spells                   Type           Power      Damage    Failure   Level
 Conjure Flame            Conj/Fire      8%         6-21      26%         3
 Inner Flame              Hex/Fire       6%         N/A       30%         3
 Sticky Flame             Conj/Fire      8%         2d3       63%         4
 Fireball                 Conj/Fire      4%         3d4       93%         5


Dungeon Overview and Level Annotations

Branches:
Dungeon (1/15)

Altars:

Shops:
D:1 [?


Innate Abilities, Weirdness & Mutations

You cannot wear most types of armour.
You are amphibious.
You can wear up to eight rings at the same time.
Your skin changes colour to match your surroundings (Stealth+).
Your rubbery body absorbs attacks. (AC +1, EV +1)
((You are camouflaged near water. (Stealth+)))
You have tentacles for arms and can constrict up to eight enemies at once.


Message History

The dart slug launches a dart at you. The slug dart hits you.
A bat comes into view.
Found a dagger.
A bat comes into view.
The bat closely misses you.
Found 4 gold pieces.
Casting: Foxfire (safe; 9% risk of failure)
Confirm with . or Enter, or press ? or * to list all spells.
You conjure some foxfire!
The bat barely misses you.
The foxfire hits the bat.
The bat is moderately wounded.
You are too injured to fight recklessly!
You are too injured to fight recklessly!
The foxfire hits the bat but does no damage.
The bat is moderately wounded.
The bat hits you. The bat hits you but does no damage. The bat hits you.
The bat closely misses you. The bat hits you.
* * * LOW HITPOINT WARNING * * *
The bat barely misses you. The bat barely misses you. x2
You closely miss the bat. You grab the bat.
The bat is moderately wounded.
You constrict the bat. The bat closely misses you. The bat hits you.
* * * LOW HITPOINT WARNING * * *
The bat escapes!
The bat barely misses you.
You hit the bat but do no damage. You grab the bat. You constrict the bat.
The bat closely misses you.
The bat struggles to escape constriction.
The bat closely misses you.
The bat escapes!
The bat hits you but does no damage. The bat misses you.
The bat hits you but does no damage. x2; The bat closely misses you.
The bat misses you. The bat closely misses you. The bat hits you.
* * * LOW HITPOINT WARNING * * *
A hobgoblin comes into view.
The bat hits you but does no damage. x2
The bat misses you. The bat hits you.
You die...

#############
#######.....#...g.#
#..................
#.###......$....... #
#.# #..............
######.###....).........
....##..##....bb@.......
....###.##..............
w...# #.###.............
....# #..###.....#.....#
....# ##.# ####.########
....# #.## #.# .#.##
#..# #.#
...######w#####.#
.>.w...>..r......


You could see a hobgoblin (asleep) and 2 bats.

Vanquished Creatures
  A ball python (D:1)
  A kobold (D:1)
2 creatures vanquished.

Vanquished Creatures (others)
  3 foxfires (D:1)
3 creatures vanquished.

Grand Total: 5 creatures vanquished

Notes
Turn   | Place    | Note
-------+----------+-------------------------------------------
     0 | D:1      | neco the Octopode Fire Elementalist began the quest for the
                  | Orb.
     0 | D:1      | Reached XP level 1. HP: 11/11 MP: 3/3
    60 | D:1      | Found Gywkelar's Magic Scroll Emporium.
    88 | D:1      | Found Joegg's Armour Shoppe.
   144 | D:1      | Slain by a bat

Illustrated notes

Levels and vault maps discovered:
D:1:      minmay_arrival_nine_rooms, layout_rooms, serial_shops, shop,
          shop_statue, shop, shop

Action                   || total
-------------------------++-------
Melee: Short sword       ||     4
       Constrict         ||     2
       Unarmed           ||     1
 Cast: Foxfire           ||     2
Armor: Skin              ||     7
Dodge: Dodged            ||    19

Table legend: (Time is in decaauts)
 A = Elapsed time spent in this place.
 B = Non-inter-level travel time spent in this place.
 C = Inter-level travel time spent in this place.
 D = Time resting spent in this place.
 E = Time spent auto-exploring this place.
 F = Levels seen in this place.
 G = Mean time per level.
                   A        B        C        D        E       F      G
               +--------+--------+--------+--------+--------+-----+--------+
         Total |    143 |    143 |      0 |      0 |      0 |   1 |  143.0 |
       Dungeon |    143 |    143 |      0 |      0 |      0 |   1 |  143.0 |
               +--------+--------+--------+--------+--------+-----+--------+

Top non-repeatable levels by time:
     D:1: 143 daAuts
